Map: Central Protocol

Players

LucasKyioshi - Winner!

  • Race: Zerg Zerg
  • League: Platinum

Frozzen

  • Race: Zerg Zerg
  • League: Gold

VOD

Have the link to the VOD?

Description

Time

  • Played on: Nov. 16, 2015, 5:41 p.m.
  • Length: 6:25
Show
View Real Time Build Order
Export as new Build Order

LucasKyioshi Zerg - Winner!

Build Orders: Hatch First, Zergling Baneling 

Get SALT Encoding   

  12  0:01  Drone  
  13  0:08  Drone  
  14  0:19  Overlord  
  14  0:45  Drone  
  14  0:47  Hatchery  
  14  0:49  Drone  
  15  0:55  Drone  
  16  1:00  Drone  
  17  1:14  Spawning Pool  
  17  1:18  Drone  
  17  1:20  Drone  
  18  1:32  Overlord  
  18  1:33  Extractor  
  17  1:43  Overlord  
  17  1:53  Drone  
  18  2:01  Queen x2  
  18  2:04  Drone  
  18  2:05  Drone  
  24  2:11  Drone  
  24  2:12  Drone  
  27  2:22  Drone  
  27  2:23  Drone  
  28  2:32  Metabolic Boost  
  28  2:35  Drone x2  
  30  2:42  Zergling x2  
  30  2:43  Zergling x2  
  32  2:54  Zergling x2  
  33  3:04  Zergling x4  
  35  3:07  Baneling Nest  
  35  3:08  Overlord  
  34  3:13  Zergling x8  
  34  3:14  Zergling x4  
  34  3:19  Zergling x4  
  42  3:31  Drone x2  
  44  3:40  Overlord  
  44  3:41  Overlord  
  44  3:44  Zergling x10  
  49  3:51  Zergling x2  
  47  4:01  Baneling x7  
  47  4:03  Zergling x4  
  47  4:05  Zergling x4  
  51  4:13  Overlord  
  51  4:14  Zergling x2  
  51  4:15  Zergling x6  
  44  4:27  Zergling x2  
  44  4:28  Zergling x4  
  45  4:33  Baneling x2  
  45  4:35  Baneling x2  
  45  4:36  Zergling x4  
  45  4:58  Zergling x8  
  43  5:23  Zergling x2  
  43  5:24  Zergling x14  
  43  5:28  Hatchery  
  39  5:38  Zergling x8  
  43  5:45  Baneling  
  43  5:46  Hatchery, Baneling x6  
  42  5:50  Drone x2  
  42  5:54  Zergling x4  
  42  5:55  Zergling x2  
  47  5:58  Zergling x6  
  50  6:05  Baneling x2  
Show
View Real Time Build Order
Export as new Build Order

Frozzen Zerg 

Build Orders: Hatch First 

Get SALT Encoding   

  12  0:01  Drone  
  13  0:12  Overlord  
  13  0:19  Drone  
  14  0:31  Drone x2  
  16  0:53  Hatchery, Drone  
  16  0:58  Drone  
  16  1:00  Drone  
  18  1:14  Spawning Pool  
  18  1:17  Drone  
  18  1:26  Drone  
  18  1:29  Drone  
  18  1:30  Extractor  
  19  1:38  Overlord  
  19  2:01  Queen  
  19  2:02  Zergling x4  
  19  2:05  Queen  
  19  2:06  Zergling x2  
  26  2:11  Zergling x2  
  27  2:17  Zergling x2  
  27  2:22  Drone  
  29  2:27  Drone  
  30  2:31  Metabolic Boost  
  30  2:32  Overlord  
  30  2:41  Drone  
  31  2:45  Zergling x2  
  32  2:53  Zergling x2  
  33  2:58  Baneling Nest  
  33  2:59  Zergling x2  
  33  3:00  Zergling x2  
  34  3:05  Zergling x2  
  34  3:10  Drone x3  
  34  3:11  Drone  
  39  3:14  Zergling x6  
  39  3:19  Zergling x2  
  43  3:25  Spine Crawler  
  43  3:26  Overlord  
  42  3:30  Zergling x2  
  43  3:40  Zergling x2  
  44  3:41  Overlord  
  44  3:42  Overlord  
  44  3:47  Zergling x4  
  40  3:58  Zergling x6  
  40  3:59  Zergling x2  
  40  4:02  Baneling x3  
  44  4:03  Baneling  
  44  4:05  Zergling x2  
  44  4:09  Zergling x2  
  46  4:10  Zergling x2  
  32  4:25  Zergling x12  
  35  4:33  Zergling x2  
  35  4:34  Zergling x2  
  37  4:40  Baneling x2  
  37  4:41  Zergling x2  
  37  4:47  Zergling x4  
  37  4:54  Zergling x2  
  37  4:59  Zergling x2  
  29  5:02  Zergling x6  
  19  5:13  Zergling x4  
  19  5:14  Zergling x4  
  18  5:23  Zergling x4  
  18  5:31  Zergling x2  
  18  5:37  Zergling x2  
  18  5:42  Baneling  
  19  5:45  Baneling  
  19  5:54  Zergling x2  
  20  6:02  Drone  
Tags
 
Add a new tag
Caveats
  • Supply blocks, unpowered buildings, or Contaminate may cause inaccurate times.
  • Supply counts are checked every 10 seconds.